Map: Apotheosis LE

Players

TRUE - Winner!

  • Race: Zerg Zerg

Polt

  • Race: Terran Terran

Event: 2016 WCS Summer Circuit Championship (DH Montreal)

VOD

https://www.youtube.com/watch?v=mHmZh8wkQqQ

Description

Time

  • Played on: Aug. 14, 2016, 3 p.m.
  • Length: 18:24

All games in this series

Show
View Real Time Build Order
Export as new Build Order

TRUE Zerg - Winner!

Build Orders: Hatch First 

Get SALT Encoding   

  12  0:00  Drone  
  13  0:12  Overlord  
  13  0:17  Drone  
  14  0:31  Drone x2  
  14  0:34  Drone  
  17  0:52  Hatchery  
  17  0:56  Drone  
  17  1:09  Spawning Pool  
  17  1:10  Extractor  
  15  1:13  Drone  
  15  1:17  Drone  
  17  1:20  Drone  
  18  1:28  Drone  
  19  1:38  Overlord  
  19  1:55  Queen  
  19  1:56  Zergling x2  
  19  2:01  Zergling x2  
  23  2:03  Queen  
  23  2:04  Zergling x2  
  26  2:11  Metabolic Boost  
  26  2:12  Drone  
  28  2:15  Drone  
  28  2:21  Drone  
  29  2:26  Drone  
  30  2:32  Drone  
  30  2:35  Queen  
  32  2:38  Drone  
  33  2:48  Overlord  
  33  2:50  Pneumatized Carapace  
  33  2:54  Drone  
  33  2:57  Drone  
  35  2:59  Drone  
  36  3:11  Overlord  
  36  3:12  Drone x3  
  39  3:14  Drone  
  39  3:15  Drone  
  39  3:18  Drone  
  41  3:20  Drone  
  41  3:22  Drone  
  43  3:27  Overlord  
  43  3:33  Drone x2  
  45  3:46  Hatchery  
  45  3:47  Drone x2  
  46  3:50  Evolution Chamber  
  46  3:52  Evolution Chamber  
  46  3:54  Drone  
  46  3:55  Drone  
  46  4:04  Drone x3  
  46  4:05  Queen  
  51  4:10  Queen  
  51  4:16  Zerg Ground Armor Level 1  
  53  4:21  Zerg Melee Weapons Level 1  
  53  4:27  Drone x2  
  53  4:28  Overlord  
  53  4:29  Zergling x4  
  57  4:36  Drone x2  
  57  4:37  Overlord  
  57  4:38  Overlord  
  59  4:47  Drone x3, Overlord  
  59  4:48  Drone  
  59  4:50  Drone  
  64  4:53  Drone  
  64  4:56  Drone x2  
  64  4:57  Drone x2  
  69  5:00  Extractor  
  69  5:03  Lair  
  69  5:04  Drone  
  69  5:05  Drone  
  69  5:07  Drone  
  71  5:15  Extractor, Drone x2  
  71  5:19  Overlord  
  71  5:21  Zergling x2  
  73  5:24  Baneling Nest, Queen, Zergling x2  
  73  5:26  Overlord  
  73  5:27  Zergling x2  
  73  5:28  Zergling x8  
  79  5:29  Zergling x4  
  79  5:30  Zergling x2  
  79  5:31  Zergling x2  
  79  5:33  Zergling x2  
  85  5:35  Queen  
  85  5:42  Overlord  
  87  5:43  Zergling x4  
  89  5:54  Overlord  
  89  5:57  Hatchery  
  88  6:05  Zergling x2  
  88  6:06  Zergling x16  
  88  6:08  Centrifical Hooks  
  88  6:10  Drone  
  98  6:13  Extractor x2  
  98  6:14  Overlord  
  98  6:17  Zergling x4  
  98  6:21  Zergling x2  
  98  6:22  Zergling x2  
  98  6:23  Zergling x6  
  103  6:27  Zergling x2  
  103  6:30  Zergling x2  
  103  6:31  Zergling x4  
  107  6:35  Zergling x6  
  102  6:40  Zergling x2  
  102  6:41  Zergling x4  
  101  6:51  Zerg Ground Armor Level 2, Zerg Melee Weapons Level 2  
  100  6:57  Drone x4  
  100  6:59  Drone x6  
  100  7:00  Drone  
  111  7:02  Extractor  
  111  7:04  Baneling x6  
  111  7:05  Baneling  
  111  7:07  Zergling x2  
  111  7:09  Overlord  
  111  7:13  Drone, Infestation Pit  
  111  7:15  Roach Warren  
  111  7:16  Overlord  
  111  7:17  Overlord  
  111  7:20  Zergling x2  
  111  7:21  Zergling x2  
  111  7:22  Zergling x8  
  108  7:35  Overlord  
  107  7:39  Drone x6  
  107  7:40  Drone x2, Queen  
  107  7:41  Baneling x2  
  107  7:43  Overlord  
  117  7:47  Overlord  
  115  7:52  Zergling x2  
  115  7:53  Zergling x16  
  115  7:55  Zergling x2  
  115  7:56  Zergling x2  
  120  8:07  Hive  
  120  8:08  Glial Reconstitution, Pathogen Glands  
  120  8:11  Drone  
  120  8:12  Drone x5  
  126  8:19  Zergling x12  
  132  8:21  Hatchery  
  131  8:27  Overlord  
  131  8:32  Zergling x2  
  131  8:33  Extractor, Zergling x6  
  134  8:34  Baneling x3  
  134  8:39  Overlord  
  123  8:49  Infestor x4  
  123  8:51  Roach x7  
  123  8:52  Roach x3  
  123  8:55  Baneling x4  
  143  8:56  Baneling x3  
  143  9:01  Zergling x16  
  151  9:06  Zergling x2  
  151  9:09  Baneling  
  152  9:10  Baneling x8  
  152  9:12  Zergling x6  
  152  9:15  Zergling x6  
  158  9:19  Zergling x2  
  158  9:20  Adrenal Glands  
  159  9:29  Zergling x6  
  159  9:30  Zergling x2  
  159  9:31  Zergling x2  
  164  9:33  Zergling x4  
  164  9:35  Baneling x7  
  164  9:36  Baneling x3, Zergling x2  
  164  9:37  Zergling x2  
  168  9:38  Zergling x6  
  168  9:39  Zergling x2  
  170  9:46  Zergling x14  
  170  9:49  Zergling x2  
  171  9:55  Zergling x4  
  171  9:57  Baneling x5  
  171  9:58  Baneling x2  
  171  9:59  Zergling x8  
  161  10:00  Zergling x2  
  161  10:03  Zergling x2  
  161  10:04  Zergling x4  
  161  10:05  Zergling x2  
  156  10:09  Zergling x4  
  156  10:11  Zergling x2  
  156  10:14  Zergling x2  
  146  10:15  Zergling x2  
  146  10:16  Zergling x2  
  146  10:18  Zerg Melee Weapons Level 3, Zerg Ground Armor Level 3  
  144  10:26  Ravager x4  
  148  10:30  Hatchery  
  148  10:31  Overseer x2  
  148  10:32  Zergling x14  
  148  10:33  Hatchery, Zergling x2  
  151  10:43  Zergling x4  
  151  10:46  Baneling x11  
  151  10:48  Zergling x4  
  155  10:56  Zergling x14  
  155  10:57  Zergling x12  
  156  10:59  Spore Crawler  
  156  11:01  Zergling x4  
  156  11:02  Queen  
  156  11:03  Zergling x2  
  157  11:14  Infestor  
  157  11:16  Overlord  
  159  11:19  Extractor  
  159  11:25  Overseer  
  152  11:33  Drone x5  
  152  11:34  Roach x5  
  152  11:36  Overlord, Zergling x2  
  152  11:38  Ultralisk Cavern  
  152  11:39  Zergling x2  
  168  11:40  Overlord  
  168  11:41  Zergling x4  
  168  11:46  Baneling x3  
  170  11:49  Zergling x2  
  170  11:50  Zergling x6  
  170  11:51  Drone  
  170  11:52  Drone  
  176  11:58  Infestor x2  
  174  12:01  Zergling x2  
  174  12:02  Zergling x6  
  174  12:03  Infestor  
  174  12:04  Ravager x3  
  174  12:06  Zergling x2  
  174  12:07  Drone x2  
  174  12:08  Zergling x6  
  189  12:11  Zergling x2  
  186  12:18  Infestor x2  
  186  12:20  Ravager x2  
  184  12:23  Drone, Zergling x2  
  184  12:24  Drone x2, Zergling x4  
  184  12:25  Zergling x4  
  184  12:26  Zergling x6  
  191  12:32  Zergling x6  
  191  12:35  Zergling x2  
  191  12:36  Zergling x2  
  187  12:37  Drone  
  187  12:38  Chitinous Plating  
  187  12:39  Zergling x4  
  187  12:41  Zergling x4  
  183  12:50  Zergling x2  
  183  12:51  Zergling x2  
  178  12:53  Zergling x4  
  178  12:55  Infestor  
  178  12:57  Baneling x12  
  178  12:58  Baneling x4, Zergling x2  
  177  13:03  Zergling x6  
  177  13:04  Zergling x2  
  177  13:05  Zergling x2  
  183  13:06  Zergling x2  
  183  13:08  Zergling x2  
  181  13:15  Zergling x4  
  181  13:18  Overlord  
  180  13:25  Overlord  
  180  13:31  Overlord  
  165  13:43  Ultralisk x3  
  165  13:44  Overlord, Ultralisk  
  165  13:46  Hatchery  
  183  13:51  Ultralisk  
  183  13:55  Spawning Pool  
  179  14:08  Ultralisk  
  176  14:20  Hatchery  
  176  14:21  Overseer  
  175  14:33  Roach x7  
  175  14:37  Ravager x3  
  192  14:42  Zergling x2  
  192  14:43  Spore Crawler, Zergling x2  
  192  14:44  Overlord, Zergling x8  
  192  14:45  Spine Crawler  
  196  14:50  Overlord  
  195  14:56  Infestor  
  195  14:57  Queen  
  199  15:02  Zergling x2  
  199  15:03  Zergling x8  
  199  15:05  Zergling x2  
  197  15:14  Zergling x4  
  198  15:24  Ravager x2  
  198  15:25  Hatchery  
  198  15:26  Baneling x15  
  198  15:27  Baneling x2  
  199  15:29  Zergling x2  
  200  15:38  Zergling x2  
  189  15:54  Ultralisk x2  
  184  16:02  Zergling x16  
  184  16:03  Zergling x4  
  177  16:30  Drone x2, Spore Crawler  
  177  16:31  Drone, Roach x2, Spore Crawler  
  177  16:32  Roach x2  
  180  16:45  Spore Crawler  
  180  16:46  Spore Crawler  
  178  16:56  Hatchery  
  175  17:01  Drone x2  
  174  17:10  Roach Warren  
  154  17:33  Spire  
  154  17:36  Zergling x16  
  154  17:37  Zergling x2  
  150  17:59  Hatchery  
Show
View Real Time Build Order
Export as new Build Order

Polt Terran 

Build Orders: Reaper Expand, MMM Bio 

Get SALT Encoding   

  12  0:00  SCV  
  13  0:13  SCV  
  14  0:17  Supply Depot  
  14  0:25  SCV  
  15  0:38  SCV  
  15  0:40  Barracks  
  16  0:45  Refinery  
  16  0:50  SCV  
  17  1:07  SCV  
  18  1:19  SCV  
  19  1:27  Reaper  
  19  1:31  Orbital Command  
  20  1:40  Command Center  
  20  1:52  Barracks  
  20  1:57  SCV  
  20  1:59  Barracks Reactor  
  21  2:05  Supply Depot  
  21  2:09  SCV  
  22  2:17  Refinery  
  22  2:21  SCV  
  23  2:33  SCV  
  23  2:36  Marine x2  
  26  2:38  Barracks Tech Lab  
  26  2:41  Factory  
  26  2:45  SCV  
  27  2:55  Orbital Command  
  27  2:57  SCV  
  27  2:58  Marine x2  
  28  2:59  Marine  
  31  3:13  SCV  
  31  3:17  Marine x3  
  35  3:23  SCV  
  35  3:25  SCV  
  37  3:30  Starport  
  37  3:32  Factory Reactor  
  37  3:36  SCV  
  37  3:37  SCV  
  37  3:41  Marine x3  
  42  3:49  SCV x2  
  42  3:55  Supply Depot  
  44  4:01  SCV  
  44  4:02  SCV  
  46  4:03  Supply Depot  
  46  4:11  Supply Depot  
  46  4:16  Marine  
  51  4:17  Stimpack  
  51  4:18  Marine x2  
  51  4:21  SCV x2  
  51  4:24  Command Center  
  51  4:33  Supply Depot  
  51  4:34  Engineering Bay x2  
  51  4:35  SCV  
  51  4:37  SCV  
  53  4:40  Factory Reactor  
  53  4:44  Medivac x2  
  57  4:48  SCV  
  57  4:49  SCV  
  58  4:57  Refinery  
  58  4:59  Barracks Reactor, Marine  
  59  5:00  SCV  
  59  5:01  Terran Infantry Weapons Level 1, SCV  
  59  5:02  Terran Infantry Armor Level 1  
  62  5:14  SCV x2  
  62  5:15  Barracks  
  63  5:26  Barracks  
  63  5:28  Factory Reactor, Barracks  
  63  5:30  Marine  
  63  5:32  Starport Reactor, SCV x2  
  63  5:35  Refinery  
  66  5:37  Orbital Command  
  66  5:39  Marine x2  
  68  5:46  SCV x2  
  70  5:50  Marine, Armory  
  71  5:57  Marine x2  
  71  6:03  Orbital Command  
  72  6:08  Marine x3  
  75  6:13  Medivac x2  
  75  6:15  Marine x2  
  75  6:16  Widow Mine x2  
  75  6:17  Combat Shields  
  85  6:20  SCV x2  
  85  6:21  Marine x4  
  91  6:25  Marine x2  
  91  6:28  Orbital Command  
  93  6:34  Marine x2, SCV x2  
  93  6:35  Marine  
  91  6:40  Marine x2  
  91  6:41  Marine x2  
  91  6:43  Marine x2  
  87  6:52  Supply Depot x2  
  87  6:53  Supply Depot  
  87  6:59  Supply Depot  
  87  7:03  Terran Infantry Weapons Level 2, Terran Infantry Armor Level 2  
  87  7:09  Bunker  
  87  7:14  Widow Mine x2, Orbital Command, Marine x3, SCV x3  
  97  7:23  Marine x4  
  97  7:24  Marine x2  
  102  7:31  Marine x3  
  100  7:41  Marine x6  
  100  7:43  Bunker, Supply Depot  
  106  7:45  Supply Depot  
  106  7:49  Marine x3  
  109  7:52  SCV  
  109  7:53  SCV  
  109  8:04  Supply Depot x2, Marine x3, Medivac x2  
  109  8:05  SCV  
  117  8:06  Supply Depot, Marine x3  
  117  8:07  Marine x2  
  117  8:08  Factory, Marauder  
  124  8:16  Supply Depot  
  124  8:21  Barracks x2  
  124  8:22  Supply Depot, Barracks  
  124  8:25  Widow Mine x2  
  128  8:34  Medivac x2  
  128  8:36  Terran Vehicle And Ship Armor Level 1  
  128  8:38  Marine x6  
  128  8:39  Marine x2, Marauder  
  142  8:46  SCV x3  
  135  8:57  Marine x8  
  135  8:59  Factory Tech Lab  
  135  9:00  Marauder  
  146  9:02  SCV  
  146  9:03  SCV  
  146  9:04  SCV  
  146  9:08  Widow Mine x2  
  152  9:21  Medivac  
  152  9:23  Medivac  
  156  9:28  Marine x9  
  165  9:36  Liberator x2  
  165  9:37  Marine x3  
  163  9:48  Widow Mine  
  163  9:49  Widow Mine  
  163  9:50  Widow Mine  
  159  9:59  Barracks Tech Lab x2, Marine x7, Marauder  
  165  10:00  Barracks Tech Lab  
  165  10:01  Marine  
  165  10:06  Command Center  
  133  10:23  Siege Tank  
  133  10:26  Liberator x2  
  136  10:38  Marine x2, Marauder x4  
  136  10:39  Marine x6  
  136  10:40  Terran Vehicle Weapons Level 1  
  152  10:42  Factory Tech Lab  
  151  10:57  Refinery  
  151  10:58  Marine x8  
  151  10:59  Marine x4  
  151  11:00  Refinery  
  160  11:17  Marine x12  
  161  11:20  Supply Depot  
  161  11:21  Supply Depot  
  161  11:33  Medivac x2, Refinery  
  165  11:42  Siege Tank x2  
  161  12:08  Liberator x2, Orbital Command  
  161  12:12  Refinery  
  161  12:14  Siege Tank x2  
  165  12:22  Marauder x3  
  172  12:23  Marauder  
  170  12:43  Terran Infantry Weapons Level 3  
  163  12:51  Concussive Shells  
  163  12:53  Siege Tank x2  
  167  12:58  Supply Depot  
  167  13:00  Supply Depot  
  167  13:01  Command Center  
  167  13:06  Terran Vehicle Weapons Level 2  
  158  13:26  Medivac x2  
  147  13:34  Orbital Command  
  129  13:43  Siege Tank x2  
  124  13:56  Medivac x2  
  120  14:16  Orbital Command  
  116  14:35  Marine x6  
  116  14:36  Marine  
  123  14:40  Orbital Command  
  123  14:44  Marine x4  
  123  14:45  Marine  
  126  15:04  Siege Tank  
  126  15:05  Siege Tank  
  128  15:43  Liberator x2  
  68  16:15  Marine x5  
Tags
 
Add a new tag
Caveats
  • Supply blocks, unpowered buildings, or Contaminate may cause inaccurate times.
  • Supply counts are checked every 10 seconds.